 Dungeon Crawl Stone Soup version 0.28-a0-1206-g193881aaa2 (webtiles) character file.

Game seed: 6577211298981790982

2692 fragbeetle the Chucker (level 9, 0/85 HPs)
             Began as a Troll Hunter on Dec 20, 2021.
             Was an Elder of Okawaru.
             Slain by a large abomination (24 damage)
             ... on level 2 of the Abyss.
             The game lasted 00:20:12 (5032 turns).

fragbeetle the Chucker (Troll Hunter)               Turns: 5032, Time: 00:20:12

Health: 0/85       AC: 10    Str: 22    XL:     9   Next: 38%
Magic:  8/8        EV: 11    Int:  7    God:    Okawaru [****..]
Gold:   49         SH:  0    Dex: 14    Spells: 2/8 levels left

rFire   . . .      SeeInvis +   a - +5 flail
rCold   . . .      Faith    .   (no shield)
rNeg    . . .      Spirit   .   I - +0 steam dragon scales
rPois   .          Reflect  .   f - +2 hat {Will+}
rElec   .          Harm     .   i - +0 cloak
rCorr   .          Rampage  .   (gloves unavailable)
Will    +....                   (boots unavailable)
Stlth   ++........              (no amulet)
HPRegen 1.04/turn               g - ring of wizardry
MPRegen 0.11/turn               F - ring of see invisible

@: no status effects
A: large, unfitting armour, claws 3, regeneration 1, shaggy fur 1, tough skin 1
a: Renounce Religion, Heroism, Finesse


You were on level 2 of the Abyss.
You worshipped Okawaru.
Okawaru was greatly pleased with you.
You visited 2 branches of the dungeon, and saw 8 of its levels.
You visited the Abyss 1 time.

You collected 229 gold pieces.
You spent 180 gold pieces at shops.

Inventory:

Hand Weapons
 a - a +5 flail (weapon)
 b - the +8 hunting sling of the Glimmering Shark {venom, Str+6}
   (You found it on level 4 of the Dungeon)

   Any ammunition fired from it poisons the flesh of those it strikes.
   Str:       It affects your strength (+6).
 J - a +0 giant spiked club
Missiles
 c - 5 large rocks (quivered)
 d - 2 throwing nets
 k - 4 javelins
 H - 28 sling bullets
 L - 22 stones
 N - 6 silver javelins
Armour
 f - a +2 hat of willpower (worn)
 i - a +0 cloak (worn)
 D - a +1 robe of the Archmagi
 I - +0 steam dragon scales (worn)
Magical Staves
 A - a staff of air
Jewellery
 g - a ring of wizardry (left claw)
 F - a ring of see invisible (right claw)
Wands
 E - a wand of polymorph (6)
 M - a wand of mindburst (10)
Scrolls
 e - a scroll of enchant armour {unknown}
 h - a scroll of amnesia {unknown}
 j - a scroll of torment {unknown}
 m - 2 scrolls of silence {unknown}
 n - 2 scrolls of fear {unknown}
 o - a scroll of noise {unknown}
 q - a scroll of teleportation
 s - a scroll of vulnerability {unknown}
 t - a scroll of enchant weapon {unknown}
 u - 7 scrolls of identify {unknown}
 x - a scroll of magic mapping {unknown}
 y - 2 scrolls of immolation
 C - a scroll of blinking {unknown}
 K - a scroll of fog {unknown}
Potions
 l - 2 potions of ambrosia {unknown}
 p - 5 potions of curing
 r - a potion of degeneration {unknown}
 v - a potion of resistance {unknown}
 w - a potion of heal wounds {unknown}
 z - a potion of attraction {unknown}
 B - a potion of cancellation {unknown}
 G - a potion of lignification {unknown}


   Skills:
 + Level 4.4 Fighting
 - Level 0.1 Short Blades
 + Level 4.1 Maces & Flails
 * Level 7.3 Throwing
 + Level 4.4 Dodging
 + Level 3.0 Stealth
 + Level 3.0 Poison Magic


You had 2 spell levels left.
You knew the following spells:

 Your Spells              Type           Power      Damage    Failure   Level
a - Mephitic Cloud        Conj/Pois/Air  1%         N/A       34%         3
b - Ignite Poison         Fire/Tmut/Pois 1%         N/A       34%         3

Your spell library contained the following spells:

 Spells                   Type           Power      Damage    Failure   Level
 Freezing Cloud           Conj/Ice/Air   0%         6-21      99%         5


Dungeon Overview and Level Annotations

Branches:
Dungeon (6/15)             Temple (1/1) D:4

Altars:
Ashenzari
Cheibriados
Dithmenos
Elyvilon
Fedhas
Gozag
Kikubaaqudgha
Makhleb
Nemelex Xobeh
Okawaru
Qazlal
Ru
Sif Muna
Trog
Uskayaw
Vehumet
Wu Jian
Xom
Yredelemnul
Zin
The Shining One

Shops:
D:3 [   D:5 :=

Annotations:
D:4 Eustachio
D:9 Erolcha


Innate Abilities, Weirdness & Mutations

You are too large for most types of armour.
You have claws for hands.
Your natural rate of healing is unusually fast.
You are covered in fur. (AC +1)
You have tough skin. (AC +1)


Message History

The large abomination is lightly damaged.
The large abomination closely misses you.
You barely miss the large abomination.
The large abomination is lightly damaged.
The large abomination barely misses you.
You hit the large abomination but do no damage.
The large abomination is lightly damaged.
The large abomination barely misses you.
You sock the large abomination!
The large abomination is moderately damaged.
The large abomination hits you!
* * * LOW HITPOINT WARNING * * *
You sock the large abomination!
The large abomination is heavily damaged.
The large abomination hits you but does no damage.
You completely miss the large abomination.
The large abomination is heavily damaged.
The large abomination closely misses you.
You sock the large abomination!
The large abomination is severely damaged.
The large abomination closely misses you.
The large abomination hits you!!
* * * LOW HITPOINT WARNING * * *
Unknown command.
You feel stronger.
The +8 hunting sling of the Glimmering Shark {venom, Str+6} begins to drip with poison!
b - the +8 hunting sling of the Glimmering Shark (weapon)
{venom, Str+6} Fire: 29 sling bullets
Press: ? - help, Q - select action, (/) - cycle Shift-Dir - straight line, f/p - large abomination
Aim: a large abomination (severely damaged, 81% to hit)
You shoot a sling bullet.
The sling bullet barely misses the large abomination.
Found 54 gold pieces.
Found 16 stones.
The +8 hunting sling of the Glimmering Shark {venom, Str+6} stops dripping with poison.
a - a +5 flail (weapon)
You hit the large abomination.
The large abomination is severely damaged.
The large abomination hits you!!
You die...

.# # .. ... .. .(
..# ##. .# . ...
####.###.# #.#..
#....#...# . ...
##....#..# . .
.#.##.##.@X..# #.
..#......##.$# #
##. #.#.#..X...#
.. ..#
#...#.#.#.#... .
# ..
.###...#..#..#.#.
# ####( ######.#
. .# (#.#.#
#.##..# .## #. .#
.##....# . # # .#
# ..#>.....### .


You could see a large abomination.

Vanquished Creatures
  2 two-headed ogres (D:9)
  Maggie (D:6)
  Grinder (D:6)
  Sigmund (D:6)
  A wyvern (D:5)
  An ice beast (D:3)
  A centaur (D:5)
  2 scorpions
  A bullfrog zombie (D:5)
  A jelly (D:6)
  2 hounds
  An orc priest (D:6)
  A scorpion zombie (D:5)
  An iguana (D:5)
  2 orc wizards
  2 hound skeletons
  4 gnolls
  7 adders
  A shadow imp (D:5)
  3 ufetubi
  13 orcs
  9 ball pythons
  7 bats
  8 endoplasms
  4 giant cockroaches
  6 goblins
  3 hobgoblins
  10 jackals
  3 quokkas
  4 frilled lizards
  5 kobolds
  4 rats
112 creatures vanquished.

Notes
Turn   | Place    | Note
-------+----------+-------------------------------------------
     0 | D:1      | fragbeetle the Troll Hunter began the quest for the Orb.
     0 | D:1      | Reached XP level 1. HP: 19/19 MP: 0/0
   252 | D:1      | Reached XP level 2. HP: 21/28 MP: 1/1
  1169 | D:2      | Reached XP level 3. HP: 35/35 MP: 2/2
  1259 | D:2      | Reached skill level 4 in Throwing
  1922 | D:3      | Found Vomuna's Armour Emporium.
  2010 | D:3      | Reached skill level 1 in Maces & Flails
  2010 | D:3      | Reached skill level 1 in Stealth
  2010 | D:3      | Reached XP level 4. HP: 15/42 MP: 3/3
  2131 | D:3      | Found a faded altar of an unknown god.
  2197 | D:3      | Noticed an ice beast
  2235 | D:3      | Killed an ice beast
  2236 | D:3      | Reached XP level 5. HP: 11/50 MP: 4/4
  2472 | D:4      | Found a staircase to the Ecumenical Temple.
  2480 | D:4      | Noticed Eustachio
  2482 | Temple   | Entered the Ecumenical Temple
  2600 | Temple   | Became a worshipper of Warmaster Okawaru
  2722 | D:4      | Learned a level 3 spell: Mephitic Cloud
  2730 | D:4      | Reached XP level 6. HP: 55/59 MP: 5/5
  3062 | D:4      | Identified the +8 hunting sling of the Glimmering Shark
                  | {venom, Str+6}
  3493 | D:5      | Entered Level 5 of the Dungeon
  3530 | D:5      | Reached skill level 5 in Throwing
  3547 | D:5      | Found Gagot's Self-Improvement Boutique.
  3664 | D:5      | Noticed a wyvern
  3762 | D:5      | Reached * piety under Okawaru
  3763 | D:5      | Reached skill level 1 in Poison Magic
  3763 | D:5      | Reached XP level 7. HP: 42/67 MP: 6/6
  3774 | D:5      | Killed a wyvern
  3846 | D:5      | Learned a level 3 spell: Ignite Poison
  3968 | D:5      | Found Puikuept's Jewellery Boutique.
  3973 | D:5      | Bought a ring of see invisible for 180 gold pieces
  4258 | D:6      | Noticed Maggie
  4286 | D:6      | Killed Maggie
  4286 | D:6      | Reached ** piety under Okawaru
  4287 | D:6      | Reached skill level 6 in Throwing
  4287 | D:6      | Reached XP level 8. HP: 26/75 MP: 7/7
  4413 | D:6      | Noticed Grinder
  4416 | D:6      | Found an ornate altar of the Wu Jian Council.
  4423 | D:6      | Killed Grinder
  4424 | D:6      | Found a broken altar of Ashenzari.
  4425 | D:6      | Found a shimmering blue altar of Sif Muna.
  4527 | D:6      | Noticed Sigmund
  4534 | D:6      | Killed Sigmund
  4668 | D:6      | You fall into a shaft and drop 3 floors!
  4687 | D:9      | Noticed a two-headed ogre
  4715 | D:9      | Killed a two-headed ogre
  4715 | D:9      | Reached *** piety under Okawaru
  4715 | D:9      | Reached **** piety under Okawaru
  4716 | D:9      | Reached skill level 7 in Throwing
  4716 | D:9      | Reached XP level 9. HP: 68/84 MP: 8/8
  4764 | D:9      | Found a burning altar of Makhleb.
  4765 | D:9      | Found a hide-covered altar of Uskayaw.
  4803 | D:9      | Noticed a two-headed ogre
  4863 | D:9      | Killed a two-headed ogre
  4931 | D:9      | Noticed Erolcha
  4933 | D:9      | Cast into level 2 of the Abyss (Erolcha)
  4936 | Abyss:2  | Found a shimmering altar of Xom.
  4974 | Abyss:2  | Noticed a tentacled starspawn
  5009 | Abyss:2  | HP: 1/85 [large abomination (26)]
  5032 | Abyss:2  | Slain by a large abomination

Illustrated notes

Levels and vault maps discovered:
D:1:      minmay_arrival_split_and_join, layout_basic, minmay_domino_4
D:2:      layout_basic
D:3:      layout_rooms, hellmonk_ecumenical_altar_blasted, serial_shops, shop
D:4:      layout_layer_cave, temple_fountains, uniq_eustachio
D:5:      layout_basic, serial_shops, kennysheep_mini_moat,
          nicolae_shop_self_help
D:6:      layout_basic, chequers_temple_overflow_statue_of_worship,
          kennysheep_minor_cross, uniq_grinder, uniq_maggie, uniq_sigmund
D:9:      layout_basic, nicolae_overflow_squiral, serial_shops,
          nicolae_inconvenience_store, hellmonk_guarded_unrand_vines,
          uniq_pikel, uniq_erolcha, uniq_grum
Temple:   eino_temple_rhombus
Abyss:2:  base: D:1, small_statue_intersection, hangedman_decor_riveting,
          hangedman_abyss_or_decor_slice

Skill      XL: |  1  2  3  4  5  6  7  8  9 |
---------------+----------------------------+-----
Dodging        | 2 3 4 |  4.4
Throwing       | 4 5 6 7 |  7.3
Fighting       | 2 3 4 |  4.4
Maces & Flails | 1 2 3 4 |  4.1
Stealth        | 1 2 3 |  3.0
Poison Magic   | 1 2 3 |  3.0
Short Blades   | |  0.1

Action                   |  1- 3 |  4- 6 |  7- 9 || total
-------------------------+-------+-------+-------++-------
Melee: Dagger            |    21 |       |       ||    21
       Short sword       |    96 |   151 |       ||   247
       Flail             |       |    21 |    37 ||    58
 Fire: Hunting sling     |       |    12 |    45 ||    57
Throw: Large rock        |     4 |    15 |     2 ||    21
  Use: Scroll            |       |     1 |       ||     1
       Potion            |       |     1 |       ||     1
 Stab: Sleeping          |     2 |     1 |       ||     3
Armor: Robe              |    60 |    72 |     8 ||   140
       Steam dragon scal |       |       |     3 ||     3
Dodge: Dodged            |    51 |   131 |    33 ||   215

Table legend: (Time is in decaauts)
 A = Elapsed time spent in this place.
 B = Non-inter-level travel time spent in this place.
 C = Inter-level travel time spent in this place.
 D = Time resting spent in this place.
 E = Time spent auto-exploring this place.
 F = Levels seen in this place.
 G = Mean time per level.
                   A        B        C        D        E       F      G
               +--------+--------+--------+--------+--------+-----+--------+
         Total |   5074 |   4912 |    162 |    253 |   2375 |   9 |  563.8 |
       Dungeon |   4804 |   4642 |    162 |    253 |   2287 |   7 |  686.3 |
        Temple |    170 |    170 |      0 |      0 |     88 |   1 |  170.0 |
         Abyss |     99 |     99 |      0 |      0 |      0 |   1 |   99.0 |
               +--------+--------+--------+--------+--------+-----+--------+

Top non-repeatable levels by time:
     D:1: 1019 daAuts
     D:2: 848 daAuts
     D:4: 815 daAuts
     D:3: 757 daAuts
     D:5: 665 daAuts
     D:6: 434 daAuts
     D:9: 264 daAuts
  Temple: 170 daAuts
 Abyss:2: 99 daAuts
